AoeStats
← tobinho_125

Black Forest

509698480Analyzed
4v4 RM · 4d ago on Sep 27, 2026· 60m 46s· 8 players
Game mode
Random Map
Map size
Large (8 player)
Population
200
Speed
Normal
Resources
Standard
Victory
Conquest
Starting age
Dark Age
Ending age
Imperial Age
RankedLock teamsTeams togetherTeam positionsShared explorationLock speedFull tech treeHidden civsTurbo modeCheats
Victory
Defeat
🇰🇿 Britons · Kazakhstan
951
+16
🇩🇪 Franks · Germany
950
+16
🇩🇪 Romans · Germany
942
+16
🇬🇧 Varangians · United Kingdom
924
+17
🇹🇷 Turks · Türkiye
1000
-18
🇺🇸 Danes · United States
981
-18
🇺🇸 Vikings · United States
914
-15
🇦🇷 Britons · Argentina
903
-14
W◯lf 103 {WYR}
0:35 Loom
16:15 Feudal Age
16:54 Double-Bit Axe
17:19 Horse Collar
21:34 Fishing Lines
24:43 Man-at-Arms
28:26 Castle Age
26:25 Man-at-Arms
27:43 Forging
27:34 Scale Mail Armor
27:56 Gold Mining
29:27 Chain Mail Armor
28:37 Long Swordsman
29:18 Squires
29:32 Gambesons
32:20 Gillnets
35:59 Bow Saw
35:52 Heavy Plow
39:25 Imperial Age
38:18 Arson
39:48 Capped Ram
41:05 Siege Ram
43:47 Two-Man Saw
43:30 Caravan
43:06 Gothikon
44:55 Conscription
44:47 Town Watch
45:41 Wheelbarrow
45:17 Elite Varangian Guard
51:02 Plate Mail Armor
51:07 Iron Casting
50:23 Fletching
52:37 Hand Cart
58:07 Blast Furnace
57:03 Bodkin Arrow
60:10 Fervor
BLONDYN
0:50 Loom
12:46 Feudal Age
14:00 Double-Bit Axe
15:24 Arson
19:44 Castle Age
17:39 Stone Mining
18:05 Gold Mining
19:25 Forging
19:45 Scale Barding Armor
20:05 Scale Mail Armor
21:10 Husbandry
24:04 Wheelbarrow
24:08 Gold Shaft Mining
24:09 Bow Saw
25:44 Caravan
27:41 Squires
29:43 Hand Cart
31:23 Iron Casting
31:10 Chain Barding Armor
31:15 Ordonnance Companies
32:00 Fletching
34:04 Chain Mail Armor
33:44 Bodkin Arrow
33:34 Treadmill Crane
34:52 Town Watch
35:04 Pikeman
35:45 Squires
35:56 Murder Holes
36:21 Ballistics
36:13 Masonry
41:05 Imperial Age
39:10 Fortified Wall
40:24 Town Patrol
41:50 Chivalry
42:11 Conscription
41:12 Elite Throwing Axeman
41:15 Cavalier
43:17 Blast Furnace
43:28 Plate Barding Armor
42:25 Elite Throwing Axeman
44:46 Plate Mail Armor
45:41 Chemistry
45:11 Architecture
45:37 Paladin
48:46 Hoardings
tobinho_125
0:39 Loom
12:07 Feudal Age
16:43 Castle Age
14:33 Double-Bit Axe
14:32 Horse Collar
16:23 Wheelbarrow
23:13 Town Watch
23:30 Pikeman
24:12 Padded Archer Armor
24:13 Scale Mail Armor
24:53 Caravan
24:46 Gold Mining
25:54 Leather Archer Armor
25:55 Chain Mail Armor
28:05 Heavy Plow
29:20 Bow Saw
29:28 Hand Cart
29:13 Town Patrol
30:05 Man-at-Arms
31:23 Ballistics
31:00 Murder Holes
30:51 Long Swordsman
31:32 Squires
34:42 Imperial Age
34:50 Legionary
34:51 Capped Ram
34:52 Heavy Scorpion
36:02 Conscription
35:58 Halberdier
36:16 Siege Ram
40:21 Forging
40:02 Fletching
40:01 Onager
41:54 Stone Mining
44:14 Iron Casting
43:34 Bodkin Arrow
46:05 Ring Archer Armor
45:30 Bodkin Arrow
46:35 Blast Furnace
45:41 Scale Barding Armor
46:42 Chemistry
48:14 Comitatenses
48:01 Ballistas
51:17 Cavalier
51:57 Husbandry
52:08 Bloodlines
51:19 Light Cavalry
53:31 Chain Barding Armor
56:56 Crop Rotation
57:07 Gold Shaft Mining
56:47 Siege Engineers
57:30 Careening
57:40 Shipwright
57:14 Guard Tower
57:35 Fortified Wall
57:36 Clinker Construction
57:37 Careening
57:37 Masonry
60:09 Plate Barding Armor
60:05 Town Patrol
60:29 Spies/Treason
WAnds | Loki
0:36 Loom
11:14 Feudal Age
22:05 Castle Age
22:48 Fishing Lines
23:21 Gillnets
24:20 Stone Mining
24:47 Gold Mining
25:57 Fletching
26:07 Padded Archer Armor
29:18 Imperial Age
27:43 Gold Shaft Mining
27:47 Bodkin Arrow
28:07 Leather Archer Armor
28:35 Double-Bit Axe
29:45 Bow Saw
30:12 Ballistics
31:42 Two-Man Saw
32:55 Chemistry
32:32 Wheelbarrow
32:02 Bracer
32:32 Ring Archer Armor
32:02 Elite Longbowman
33:33 Yeomen
33:37 Hand Cart
34:06 Conscription
33:52 Caravan
34:45 Siege Engineers
35:06 Warwolf
43:08 Treadmill Crane
43:24 Murder Holes
43:40 Masonry
49:44 Coinage
49:25 Guilds
54:16 Hoardings
53:11 Sappers
56:24 Spies/Treason
whythelongfaceimahorse
0:26 Loom
11:43 Feudal Age
12:08 Double-Bit Axe
17:37 Castle Age
18:31 Bow Saw
18:12 Pikeman
18:47 Fishing Lines
20:42 Gillnets
23:16 Horse Collar
26:23 Crossbowman
28:27 Scale Mail Armor
29:14 Heavy Plow
31:10 Squires
31:23 Gold Mining
31:57 Ballistics
32:58 Fletching
33:08 Padded Archer Armor
33:18 Forging
33:24 Chain Mail Armor
36:01 Imperial Age
33:43 Bodkin Arrow
33:11 Elite Skirmisher
33:22 Elite Skirmisher
35:34 Gold Shaft Mining
34:50 Stone Mining
38:00 Chemistry
38:40 Man-at-Arms
40:29 Iron Casting
40:24 Plate Mail Armor
39:56 Bracer
39:24 Arbalester
40:11 Long Swordsman
41:40 Crop Rotation
41:12 Two-Handed Swordsman
43:45 Leather Archer Armor
45:19 Blast Furnace
44:00 Champion
46:00 Conscription
46:44 Ring Archer Armor
elmalditochad
1:47 Loom
21:26 Feudal Age
23:30 Stone Mining
25:00 Double-Bit Axe
28:55 Gold Mining
31:46 Castle Age
33:38 Gold Shaft Mining
34:00 Bow Saw
35:33 Wheelbarrow
38:27 Caravan
42:16 Imperial Age
40:21 Padded Archer Armor
42:48 Ballistics
44:24 Two-Man Saw
44:16 Leather Archer Armor
43:52 Fletching
46:42 Ring Archer Armor
46:08 Bodkin Arrow
Anarşik
0:32 Loom
14:05 Feudal Age
18:02 Castle Age
16:24 Double-Bit Axe
17:28 Gold Mining
17:30 Stone Mining
17:47 Horse Collar
17:58 Gold Mining
19:24 Wheelbarrow
19:44 Bow Saw
23:13 Heavy Plow
29:35 Gold Shaft Mining
34:00 Imperial Age
33:24 Hand Cart
33:15 Padded Archer Armor
33:40 Caravan
35:00 Artillery
39:15 Leather Archer Armor
44:49 Two-Man Saw
44:24 Ring Archer Armor
45:13 Guilds
46:07 Elite Janissary
47:10 Conscription
yzainc
9:06 Loom
12:34 Feudal Age
15:18 Double-Bit Axe
15:16 Horse Collar
16:01 Forging
18:36 Castle Age
16:55 Arson
17:11 Gold Mining
19:24 Scale Mail Armor
19:35 Forging
20:29 Squires
21:14 Bow Saw
21:20 Gambesons
28:51 Chain Mail Armor
32:42 Man-at-Arms
34:22 Wheelbarrow
36:57 Imperial Age
33:53 Long Swordsman
35:09 Iron Casting
34:33 Town Watch
34:55 Heavy Plow
35:45 Hand Cart
35:40 Hamask
37:25 Fletching
38:47 Blast Furnace
38:18 Plate Mail Armor
37:09 Two-Handed Swordsman
38:14 Conscription
38:05 Onager
40:04 Town Patrol
39:38 Champion
39:59 Siege Onager
40:57 Caravan
41:48 Elite Varangian Guard
41:56 Elite Jomsviking
43:25 Bodkin Arrow
45:37 Chemistry
44:57 Ballistics
44:49 Siege Engineers
Connection lost

Rejoining the realm…

Still unreachable

The connection could not be restored.

Session expired

The server has moved on; the page needs a fresh start.